 Dungeon Crawl Stone Soup version 0.32-a0-938-g40ac7a0f4d (webtiles) character file.

Game seed: 2447975547859799832

210 Fodor the Covered (level 5, -1/47 HPs)
             Began as a Minotaur Fighter on Apr 15, 2024.
             Slain by Grinder (5 damage)
             ... while paralysed by Grinder
             ... on level 4 of the Dungeon.
             The game lasted 00:05:34 (2380 turns).

Fodor the Covered (Minotaur Fighter)                Turns: 2380, Time: 00:05:34

Health: -1/47      AC:  7    Str: 23    XL:     5   Next: 56%
Magic:  4/4        EV:  2    Int:  5    God:
Gold:   231        SH:  0    Dex:  9    Spells: 4/4 levels left

rFire   . . .        a - +0 war axe
rCold   . . .        f - +0 kite shield
rNeg    . . .        b - +0 scale mail
rPois   .            (helmet currently unavailable)
rElec   .            (cloak currently unavailable)
rCorr   .            (gloves currently unavailable)
SInv    .            (boots currently unavailable)
Will    .....        (no amulet) Stlth
                     (no ring)
HPRegen 0.27/turn    (no ring)
MPRegen 0.09/turn

%: no passive effects
@: paralysed, beast-form
A: beast (slay +0), horns 2, retaliatory headbutt
a: Begin Untransformation


You were on level 4 of the Dungeon.
You were a hulking beast.
You visited 1 branch of the dungeon, and saw 4 of its levels.

You collected 231 gold pieces.

Inventory:

Hand Weapons
 a - a +0 war axe (weapon)
Missiles
 u - 6 darts of dispersal (quivered)
Armour
 b - a +0 scale mail (worn)
 f - a +0 kite shield (worn)
 r - a +0 pair of gloves
Jewellery
 t - a ring of ice
Talismans
 q - a beast talisman (active)
 s - a serpent talisman
Scrolls
 c - a scroll of poison {unknown}
 g - a scroll of blinking {unknown}
 i - a scroll of enchant armour {unknown}
 j - a scroll of teleportation {unknown}
 l - a scroll of fear {unknown}
 n - 2 scrolls of revelation {unknown}
 p - a scroll of amnesia {unknown}
Potions
 d - a potion of might
 e - a potion of mutation {unknown}
 h - 3 potions of lignification {unknown}
 m - a potion of resistance {unknown}
 o - a potion of enlightenment {unknown}


   Skills:
 + Level 4.4 Fighting
 + Level 4.6 Axes
 + Level 4.9 Armour
 + Level 1.2 Dodging
 + Level 0.2 Stealth
 + Level 4.4 Shields


You had 4 spell levels left.
You didn't know any spells.
Your spell library was empty.

Dungeon Overview and Level Annotations

Branches:
Dungeon (4/15)
 Temple: D:4-7

Altars:
Makhleb

Shops:
D:4 [

Annotations:
D:4 Grinder


Innate Abilities, Weirdness & Mutations

You are a hulking beast.
Your limbs bulge with bestial killing power. (Slay +0)
You have a pair of horns on your head.
You reflexively headbutt those who attack you in melee.


Message History

You shrug off the repeated paralysis!
You can move again.
You barely miss Grinder. Your headbutt misses Grinder.
Grinder is severely wounded.
Grinder hits you but does no damage.
You hit Grinder.
Grinder is severely wounded.
Grinder blinks!
You block the hobgoblin's attack.
You closely miss the hobgoblin. You headbutt the hobgoblin.
The hobgoblin is severely wounded.
The hobgoblin barely misses you.
You slash the hobgoblin!
You kill the hobgoblin!
You see here an adder corpse.
Grinder blinks!
Found a stone staircase leading up.
You see here an adder corpse.
Grinder gestures at you. You resist with significant effort.
There is an entrance to Ceunnuk's Antique Armour Shoppe here.
Grinder hits you!
You closely miss Grinder.
Grinder is severely wounded.
Grinder hits you but does no damage. Grinder hits you!
* * * LOW HITPOINT WARNING * * *
You writhe in agony.
* * * LOW HITPOINT WARNING * * *
You closely miss Grinder. You headbutt Grinder.
Grinder is severely wounded.
Grinder gestures at you.
You suddenly lose the ability to move!
Grinder hits you.
* * * LOW HITPOINT WARNING * * *
You writhe in agony.
* * * LOW HITPOINT WARNING * * *
Grinder hits you.
* * * LOW HITPOINT WARNING * * *
You writhe in agony.
You die...
Grinder sighs, "Dead already?
I want a refund."

##.....## #...#..
##.......##
#......##.........#
........+....<....+
<.......#.........#
#..>....##.......##
#.......###.....##
#...[...####†...#
#.........†5h∩.∩#
#........####...#
#........# #∩.∩#
####.###.# #.#.# #.
... ....# # #...
..... #..# ....#.
#........ .#


You could see Grinder.

Vanquished Creatures
  A hound (D:4)
  An iron imp (D:3)
  Jessica (D:2)
  Terence (D:2)
  4 adders
  2 dart slugs
  6 bats
  6 endoplasms
  6 giant cockroaches
  4 goblins
  6 hobgoblins
  4 quokkas
  6 frilled lizards
  5 kobolds
  6 rats
59 creatures vanquished.

Notes
Turn   | Place    | Note
-------+----------+-------------------------------------------
     0 | D:1      | Fodor the Minotaur Fighter began the quest for the Orb.
     0 | D:1      | Reached XP level 1. HP: 19/19 MP: 0/0
   134 | D:1      | Found a faded altar of an unknown god.
   168 | D:1      | Reached XP level 2. HP: 27/27 MP: 1/1
   678 | D:2      | Noticed Terence
   687 | D:2      | Killed Terence
   688 | D:2      | Reached XP level 3. HP: 11/33 MP: 2/2
   777 | D:2      | Noticed Jessica
   785 | D:2      | Killed Jessica
   786 | D:2      | Reached XP level 4. HP: 37/40 MP: 3/3
   828 | D:2      | Reached skill level 1 in Dodging
  1914 | D:3      | Found a burning altar of Makhleb.
  2118 | D:3      | Reached XP level 5. HP: 29/46 MP: 4/4
  2329 | D:4      | Found Ceunnuk's Antique Armour Shoppe.
  2333 | D:4      | Noticed Grinder
  2349 | D:4      | Paralysed by Grinder for 2 turns
  2360 | D:4      | Paralysed by Grinder for 2 turns
  2378 | D:4      | Paralysed by Grinder for 5 turns
  2380 | D:4      | Slain by Grinder

Illustrated notes

Levels and vault maps discovered:
D:1:      minmay_arrival_radiant_lines, layout_basic,
          chequers_ecumenical_altar_simple_redux
D:2:      layout_basic, st_stairs_9, dk_noncrumbling_2,
          chequers_serial_rivers_micro_b, wad_floor_pattern_untrapped,
          uniq_terence, uniq_jessica
D:3:      layout_rooms, demons_altar
D:4:      layout_loops_corners, minmay_temple_entry_junction, serial_shops,
          nicolae_shop_competitors_out_of_business, minmay_fountain_box,
          uniq_pikel, uniq_grinder

Skill      XL: |  1  2  3  4 |
---------------+-------------+-----
Armour         | 4 |  4.9
Fighting       | 4 |  4.4
Axes           | 3 4 |  4.6
Shields        | 4 |  4.4
Dodging        | 1 |  1.2
Stealth        | |  0.2

Action                     |  1- 3 |  4- 6 || total
---------------------------+-------+-------++-------
  Melee: War axe           |    60 |    79 ||   139
         Headbutt          |     4 |     8 ||    12
 Armour: Scale mail        |    38 |    60 ||    98
  Dodge: Dodged            |    15 |    40 ||    55
  Block: Buckler           |     2 |       ||     2
         Kite shield       |    20 |    47 ||    67
   Form: Beast             |       |     1 ||     1

Table legend: (Time is in decaauts)
 A = Elapsed time spent in this place.
 B = Non-inter-level travel time spent in this place.
 C = Inter-level travel time spent in this place.
 D = Time resting spent in this place.
 E = Time spent auto-exploring this place.
 F = Levels seen in this place.
 G = Mean time per level.
                   A        B        C        D        E       F      G
               +--------+--------+--------+--------+--------+-----+--------+
         Total |   2439 |   2408 |     31 |    285 |   1258 |   4 |  609.8 |
       Dungeon |   2439 |   2408 |     31 |    285 |   1258 |   4 |  609.8 |
               +--------+--------+--------+--------+--------+-----+--------+

Top non-repeatable levels by time:
     D:2: 880 daAuts
     D:3: 823 daAuts
     D:1: 675 daAuts
     D:4: 59 daAuts
